 Dungeon Crawl Stone Soup version 0.31-a0-180-g519b7de00c (webtiles) character file.

Game seed: 4494969111018640289

175 olmar the Insei (level 5, -2/37 HPs)
             Began as a Merfolk Transmuter on June 20, 2023.
             Slain by an ogre
             ... wielding a +0 giant club
              (26 damage)
             ... on level 4 of the Dungeon.
             The game lasted 00:02:24 (1300 turns).

olmar the Insei (Merfolk Transmuter)                Turns: 1300, Time: 00:02:24

Health: -2/37      AC:  5    Str: 10    XL:     5   Next: 55%
Magic:  8/8        EV: 13    Int: 14    God:
Gold:   26         SH:  0    Dex: 15    Spells: 6/9 levels left

rFire   . .          .
                       - Unarmed
rCold   . . .        (no shield)
rNeg    . . .        b - +0 steam dragon scales
rPois   .            (no helmet)
rElec   .            (no cloak)
rCorr   .            (no gloves)
SInv    .            (no boots)
Will    .....        (no amulet)
Stlth   ++           (no ring)
HPRegen 0.26/turn    (no ring)
MPRegen 0.11/turn

%: no passive effects
@: no status effects
A: (nimble swimmer 2), mertail
a: no special abilities


You were on level 4 of the Dungeon.
You visited 1 branch of the dungeon, and saw 3 of its levels.

You collected 26 gold pieces.

Inventory:

Missiles
 e - 5 poisoned darts
Armour
 a - a +0 robe
 b - +0 steam dragon scales (worn)
Scrolls
 c - a scroll of enchant weapon
 d - a scroll of identify
 f - a scroll of torment


   Skills:
 + Level 1.5 Fighting
 + Level 4.2 Dodging
 + Level 1.0 Stealth
 + Level 4.6 Unarmed Combat
 + Level 2.6 Spellcasting
 + Level 4.0 Transmutations


You had 6 spell levels left.
You knew the following spells:

 Your Spells              Type           Power      Damage    Failure   Level
a - Beastly Appendage     Tmut           26%        N/A       4%          1
b - Wereblood             Tmut           13%        N/A       6%          2

Your spell library contained the following spells:

 Spells                   Type           Power      Damage    Failure   Level
 Spider Form              Tmut/Pois      7%         N/A       28%         3
 Ice Form                 Ice/Tmut       7%         N/A       67%         4


Dungeon Overview and Level Annotations

Branches:
Dungeon (2/15)

Altars:


Innate Abilities, Weirdness & Mutations

((You are very nimble when in or above water. (Stealth+, EV+, Speed+++)))
Your lower body shifts to a powerful aquatic tail in water.


Message History

You feel a bit better.
You kill the dart slug!
You howl as the wereblood boils in your veins!
Your transformation is almost over.
You howl as the wereblood boils in your veins!
You howl as the wereblood boils in your veins!
Key pressed, stopping explore.
No target in view!
Unknown command.
Your primal bloodlust is almost over.
Your horns disappear.
Your primal bloodlust has ended.
Magic restored.
You now have 26 gold pieces (gained 5).
An ogre comes into view. It is wielding a +0 giant club.
Found an escape hatch in the ceiling.
The ogre shouts!
You see here a scroll labelled UBBYPS COHASEA.
An ogre is nearby!
Found 4 stones.
Unknown command.
An ogre is nearby!
The ogre closely misses you.
Unknown command.
An ogre is nearby!
You hit the ogre.
The ogre is lightly wounded.
Unknown command.
An ogre is nearby!
Unknown command.
You hit the ogre but do no damage.
The ogre is lightly wounded.
The ogre hits you with a +0 giant club!
You hit the ogre but do no damage.
The ogre is lightly wounded.
You punch the ogre!
The ogre is moderately wounded.
The ogre hits you with a +0 giant club!!
Ouch! That really hurt!
You die...

..####...#..#.#.#.#.#.#
##.(##...#†#......
#..###..#.#.#...# # #..#
#...#........
.######..###..#.#.....#.#
...........#........#....
######.?##.#..#....##.#.
#...<........ #.##.@#..#.
#......O....(.
#....####...#.#. ....#
...... ..... ...#.# .....
....... . ##.#..# ....


You could see an ogre.

Vanquished Creatures
  A steam dragon (D:4)
  An adder (D:4)
  2 dart slugs
  10 bats
  4 endoplasms (D:1)
  3 giant cockroaches (D:1)
  4 goblins (D:1)
  A quokka (D:1)
  3 ball pythons (D:1)
  2 frilled lizards (D:1)
  2 kobolds (D:1)
  3 rats (D:1)
36 creatures vanquished.

Notes
Turn   | Place    | Note
-------+----------+-------------------------------------------
     0 | D:1      | olmar the Merfolk Transmuter began the quest for the Orb.
     0 | D:1      | Reached XP level 1. HP: 15/15 MP: 3/3
   125 | D:1      | Reached XP level 2. HP: 18/21 MP: 3/5
   415 | D:1      | Reached XP level 3. HP: 16/26 MP: 6/6
   637 | D:1      | Learned a level 2 spell: Wereblood
   988 | D:2      | You fall into a shaft and drop 2 floors!
   991 | D:4      | Noticed a steam dragon
  1028 | D:4      | Killed a steam dragon
  1029 | D:4      | Reached skill level 1 in Stealth
  1029 | D:4      | Reached XP level 4. HP: 14/32 MP: 4/7
  1029 | D:4      | Reached XP level 5. HP: 16/37 MP: 4/8
  1293 | D:4      | Noticed an ogre
  1300 | D:4      | Slain by an ogre

Illustrated notes

Levels and vault maps discovered:
D:1:      psy_arrival_heroes, layout_basic, patterned_corridor
D:2:      layout_loops_corners, shapermc_ecumenical_altar_gd
D:4:      layout_rooms, hangedman_decor_riveting

Skill      XL: |  1  2  3 |
---------------+----------+-----
Transmutations | 3 4 |  4.0
Dodging        | 3 4 |  4.2
Stealth        | 1 |  1.0
Unarmed Combat | 4 |  4.6
Fighting       | |  1.5
Spellcasting   | |  2.6

Action                     |  1- 3 |  4- 6 || total
---------------------------+-------+-------++-------
  Melee: Unarmed           |   118 |     6 ||   124
         Headbutt          |     9 |     1 ||    10
         Punch             |     3 |       ||     3
   Cast: Beastly Appendage |    12 |     1 ||    13
         Wereblood         |     2 |     1 ||     3
    Use: Scroll            |     2 |       ||     2
         Potion            |     1 |       ||     1
   Stab: Sleeping          |     1 |       ||     1
 Armour: Robe              |    25 |       ||    25
         Skin              |    10 |       ||    10
  Dodge: Dodged            |   110 |     3 ||   113

Table legend: (Time is in decaauts)
 A = Elapsed time spent in this place.
 B = Non-inter-level travel time spent in this place.
 C = Inter-level travel time spent in this place.
 D = Time resting spent in this place.
 E = Time spent auto-exploring this place.
 F = Levels seen in this place.
 G = Mean time per level.
                   A        B        C        D        E       F      G
               +--------+--------+--------+--------+--------+-----+--------+
         Total |   1290 |   1271 |     19 |    209 |    793 |   3 |  430.0 |
       Dungeon |   1290 |   1271 |     19 |    209 |    793 |   3 |  430.0 |
               +--------+--------+--------+--------+--------+-----+--------+

Top non-repeatable levels by time:
     D:1: 931 daAuts
     D:4: 310 daAuts
     D:2: 48 daAuts
